Map: 킹스 코브 - 래더

Players

Mlord (MarineLorD)

  • Race: Terran Terran
  • Spawn Location: 11:00

soO - Winner!

  • Race: Zerg Zerg
  • Spawn Location: 5:00

Event: IEM Season 13: Katowice (2019)

VOD

Have the link to the VOD?

Description

Time

  • Played on: Feb. 26, 2019, 4:39 a.m.
  • Length: 31:12

All games in this series

Show
View Real Time Build Order
Export as new Build Order

Mlord Terran 

Build Orders:  

Get SALT Encoding   

  12  0:00  SCV  
  13  0:12  SCV  
  14  0:18  Supply Depot  
  14  0:24  SCV  
  15  0:40  Barracks  
  15  0:51  Barracks  
  15  0:56  SCV  
  16  1:08  SCV  
  17  1:12  Refinery  
  17  1:20  SCV  
  18  1:26  Marine  
  19  1:33  Orbital Command  
  19  1:38  Marine, Supply Depot  
  20  1:44  Marine  
  21  1:56  Marine  
  21  1:59  SCV  
  23  2:02  Marine  
  23  2:06  Bunker  
  24  2:13  Marine  
  25  2:21  Marine, Bunker  
  26  2:24  SCV  
  27  2:33  Factory  
  27  2:36  Marine  
  28  2:40  SCV  
  28  2:52  SCV  
  30  3:00  Supply Depot  
  30  3:04  SCV  
  30  3:16  SCV  
  31  3:21  Factory Tech Lab  
  31  3:28  SCV  
  31  3:32  Command Center  
  32  3:40  Cyclone  
  32  3:41  Bunker  
  35  3:47  Starport  
  35  3:48  SCV  
  35  3:54  Refinery  
  33  4:00  SCV  
  34  4:12  SCV  
  35  4:22  Factory Reactor  
  35  4:24  SCV  
  36  4:31  Banshee  
  39  4:39  Supply Depot  
  39  4:41  Supply Depot  
  39  4:44  Marine, SCV x2  
  41  4:56  SCV, Cloaking Field  
  43  5:06  Orbital Command  
  42  5:08  SCV  
  42  5:11  Factory Tech Lab  
  43  5:14  Banshee  
  43  5:20  SCV  
  47  5:32  SCV  
  48  5:36  Command Center  
  48  5:41  Orbital Command  
  48  5:44  SCV  
  49  5:50  Marine x2  
  49  5:52  Siege Tank  
  49  5:57  SCV  
  55  6:06  SCV  
  55  6:09  SCV  
  59  6:18  Supply Depot  
  59  6:19  SCV  
  59  6:21  SCV  
  59  6:24  Starport Reactor  
  59  6:26  Siege Tank, Barracks  
  59  6:28  Barracks  
  59  6:31  Marine, SCV  
  59  6:32  Stimpack  
  64  6:33  SCV  
  65  6:40  Supply Depot  
  65  6:43  SCV  
  65  6:45  SCV  
  67  6:48  Engineering Bay  
  67  6:49  Engineering Bay  
  67  6:51  Orbital Command  
  67  6:55  SCV  
  67  6:57  SCV  
  67  6:58  Refinery  
  67  6:59  Marine, Refinery  
  70  7:07  SCV  
  71  7:09  SCV  
  71  7:12  Siege Tank  
  75  7:17  Marine  
  75  7:19  SCV  
  75  7:21  SCV  
  78  7:23  Orbital Command  
  78  7:26  Terran Infantry Weapons Level 1, Marine, SCV  
  78  7:27  Marine  
  78  7:31  Starport Reactor  
  78  7:32  Supply Depot  
  78  7:34  Marine x2  
  78  7:35  Marine  
  81  7:38  Terran Infantry Armor Level 1, Barracks  
  81  7:39  SCV, Barracks  
  81  7:40  SCV  
  83  7:44  Marine x2  
  83  7:51  SCV x2  
  86  7:52  Marine  
  86  7:55  Marine x2  
  86  7:57  Siege Tank  
  93  8:00  SCV  
  93  8:01  Supply Depot  
  93  8:02  Marine x2  
  93  8:03  SCV  
  97  8:07  SCV  
  97  8:09  Medivac x2  
  97  8:10  Marine  
  97  8:12  SCV  
  104  8:13  Marine x2  
  104  8:16  SCV  
  107  8:20  Refinery, Marine x2  
  107  8:21  Refinery  
  107  8:23  SCV  
  111  8:28  Marine, Supply Depot  
  111  8:30  Barracks Tech Lab x2  
  111  8:35  Armory  
  111  8:40  SCV  
  111  8:41  SCV x2  
  114  8:42  Marine  
  114  8:44  Missile Turret, Marauder  
  114  8:45  Combat Shield  
  117  8:48  Concussive Shells  
  117  8:50  Medivac x2  
  117  8:53  SCV x3  
  124  8:57  Supply Depot x2  
  124  8:59  Marine  
  125  9:14  Marine  
  125  9:15  Supply Depot x2, Missile Turret  
  125  9:18  Marine x2, Siege Tank  
  125  9:19  SCV, Marauder x3  
  125  9:22  SCV x2  
  125  9:23  Supply Depot, Factory  
  139  9:25  Supply Depot  
  139  9:28  Terran Infantry Weapons Level 2, Terran Vehicle Weapons Level 1  
  139  9:35  Marine  
  139  9:36  Terran Infantry Armor Level 2  
  140  9:40  Marauder  
  142  9:46  Marauder  
  142  9:47  Marine x3, Marauder  
  149  9:53  Marine, Supply Depot  
  149  9:54  Supply Depot  
  150  10:01  Marine, Liberator x2  
  150  10:03  Command Center  
  150  10:05  Marine x3  
  154  10:07  Siege Tank, Marauder  
  154  10:09  Marauder  
  161  10:17  Factory Tech Lab  
  161  10:20  Marine, Marauder  
  170  10:25  Supply Depot  
  170  10:26  Supply Depot  
  170  10:28  Marine x3  
  168  10:29  Marauder  
  168  10:35  Marauder  
  174  10:38  Marine  
  177  10:43  Marauder  
  177  10:44  Liberator x2  
  177  10:46  Marine x2  
  179  10:50  Marauder  
  181  10:59  Marine x2  
  185  11:04  Siege Tank  
  185  11:06  Marine, Marauder  
  190  11:12  Barracks  
  190  11:13  Marauder  
  190  11:14  Barracks  
  190  11:17  Marine  
  190  11:18  Marine x2, Barracks  
  191  11:20  Siege Tank  
  194  11:28  Marine x2  
  194  11:29  Marauder  
  195  11:37  Marine  
  195  11:38  Marauder  
  155  11:41  Siege Tank  
  146  11:47  Marauder  
  146  11:50  Marauder  
  146  11:52  Siege Tank  
  143  11:57  Marine  
  143  11:59  Marauder  
  120  12:04  Marine  
  120  12:05  Marine  
  120  12:08  SCV, Marauder  
  107  12:11  SCV  
  107  12:12  Marine, Marauder  
  107  12:14  Siege Tank  
  107  12:15  SCV  
  114  12:19  Planetary Fortress  
  114  12:21  Marauder  
  105  12:23  SCV x2  
  105  12:28  Siege Tank  
  110  12:32  SCV  
  110  12:35  SCV  
  110  12:36  SCV  
  113  12:40  Terran Infantry Weapons Level 3  
  113  12:44  Marine x2, SCV  
  113  12:48  SCV x2  
  113  12:50  Marauder  
  105  12:51  Marine  
  105  12:53  Marine  
  105  12:56  SCV  
  105  12:58  SCV, Siege Tank  
  111  13:00  SCV x2  
  114  13:08  Marine x2, Marauder  
  114  13:09  Marauder  
  114  13:10  Barracks Reactor x2, Barracks Tech Lab  
  114  13:12  Siege Tank  
  124  13:17  Command Center  
  123  13:20  Marauder  
  123  13:24  Liberator  
  123  13:25  Liberator  
  125  13:29  Marine  
  125  13:30  Marauder x2  
  130  13:36  Marine x2  
  130  13:37  Marine, Marauder  
  134  13:41  Missile Turret  
  134  13:42  Marauder  
  134  13:44  Starport  
  134  13:46  Starport  
  142  13:51  Marauder x2  
  146  13:56  Marine  
  146  13:58  Marine, Marauder  
  131  14:03  Terran Infantry Armor Level 3, Marauder, Terran Vehicle Weapons Level 2  
  131  14:07  SCV x2  
  135  14:12  Marauder  
  135  14:14  Marauder  
  135  14:15  Marine x2  
  135  14:16  Marine  
  142  14:17  Marine  
  142  14:18  Marine  
  142  14:19  Liberator x2, Marauder  
  146  14:24  Marauder  
  146  14:26  Starport Reactor x2  
  146  14:27  Starport Tech Lab  
  148  14:31  Marine x3  
  148  14:33  Marine  
  148  14:34  Marauder  
  148  14:36  Marauder  
  162  14:42  Marine, Marauder  
  165  14:47  Marine x2, Refinery, Marauder  
  165  14:48  Liberator x2  
  169  14:56  Marine  
  169  14:57  Marine, Marauder  
  169  14:58  Marine, Liberator, Missile Turret  
  169  14:59  Planetary Fortress  
  185  15:19  Ghost Academy  
  177  15:25  Refinery  
  177  15:26  Refinery x2  
  177  15:27  Command Center  
  177  15:32  Viking x2  
  181  15:42  Command Center  
  180  15:49  Command Center  
  180  15:50  Ghost  
  180  15:52  Sensor Tower  
  180  15:55  Ghost  
  184  16:03  Ghost  
  186  16:05  Ghost  
  188  16:12  Viking  
  188  16:16  Viking  
  187  16:20  Viking  
  187  16:25  Ghost  
  187  16:29  Liberator  
  187  16:30  Liberator, Ghost  
  189  16:39  Terran Ship Weapons Level 1  
  189  16:40  Armory  
  189  16:45  Fusion Core  
  192  16:50  Personal Cloaking  
  195  16:55  Ghost  
  197  17:03  Ghost  
  197  17:04  Orbital Command x2  
  197  17:06  Command Center  
  199  17:15  Ghost  
  199  17:40  Terran Vehicle And Ship Armor Level 1  
  199  17:49  Starport  
  198  17:53  Starport  
  198  17:58  Command Center  
  198  17:59  Command Center  
  198  18:00  Medivac  
  198  18:03  Medivac x2  
  200  18:06  Liberator x2  
  198  18:17  Ghost x2  
  198  18:23  Advanced Ballistics  
  198  18:26  Hi-Sec Auto Tracking  
  200  18:35  Sensor Tower  
  200  18:38  Refinery  
  200  18:39  Starport Tech Lab x2  
  198  18:43  Orbital Command  
  198  18:46  Starport x2  
  198  18:52  Nuke  
  198  18:55  Ghost Academy  
  196  18:56  Ghost Academy  
  196  18:57  Ghost x2  
  194  19:05  Viking  
  195  19:20  Viking x2  
  195  19:23  Neosteel Armor  
  192  19:25  Viking x2  
  192  19:26  Viking  
  192  19:29  Starport Tech Lab x2  
  192  19:41  Orbital Command x2, Planetary Fortress  
  192  19:45  Missile Turret  
  192  19:48  Nuke  
  192  19:49  Nuke  
  192  19:55  Ghost  
  192  19:59  Ghost  
  190  20:03  Ghost  
  192  20:09  Ghost  
  182  20:24  Ghost  
  182  20:27  Ghost  
  184  20:32  Ghost  
  178  20:37  Ghost  
  178  20:38  Marine x6  
  178  20:42  Marine  
  187  20:45  Liberator  
  183  20:52  Ghost  
  183  20:57  Marine x3, Marauder  
  187  21:01  Marine x2, Marauder  
  197  21:07  Marauder  
  199  21:13  Command Center  
  199  21:16  Command Center  
  199  21:18  Marine  
  199  21:40  Marauder  
  199  21:45  Marine  
  194  22:05  Marine x3  
  194  22:06  Marine, Marauder  
  194  22:07  Viking x3  
  194  22:08  Viking x4  
  196  22:33  Marine, Marauder  
  196  22:34  Viking x2  
  196  22:35  Orbital Command x2  
  192  22:37  Viking x3, Command Center  
  192  22:38  Viking  
  200  22:49  Terran Vehicle And Ship Armor Level 2, Terran Ship Weapons Level 2  
  200  22:54  Marine  
  200  22:56  Marine x3  
  174  23:13  Viking x4  
  174  23:15  Marauder x2  
  174  23:18  Marine, Marauder  
  171  23:21  Marauder  
  159  23:27  Marine  
  159  23:28  Marine  
  159  23:30  Marine  
  134  23:35  Marine x2  
  134  23:36  Marauder, Ghost  
  134  23:37  Marine  
  134  23:39  Marauder  
  133  23:44  Orbital Command  
  133  23:47  Marauder  
  124  23:48  Marine x3  
  124  23:50  Marine  
  124  23:51  Marine  
  116  23:58  Marauder  
  116  24:00  Orbital Command, Marauder  
  116  24:01  Marine  
  121  24:05  Marauder  
  121  24:08  Marauder  
  122  24:13  Marine  
  123  24:19  Marauder  
  123  24:21  Liberator x3  
  123  24:22  Marauder  
  123  24:23  Liberator  
  127  24:25  Marine  
  127  24:26  Marauder  
  127  24:29  Marauder  
  132  24:38  Siege Tank x2  
  138  24:43  Refinery  
  138  24:45  Missile Turret  
  150  24:46  Sensor Tower  
  150  24:49  Medivac x3  
  150  24:51  Liberator x2  
  156  24:57  Nuke x2  
  156  25:01  Liberator  
  156  25:02  Liberator  
  156  25:07  Ghost x3  
  156  25:10  Ghost  
  156  25:13  Liberator  
  167  25:17  Siege Tank  
  176  25:25  Command Center  
  176  25:26  Missile Turret  
  176  25:28  Missile Turret x2  
  166  25:30  Missile Turret  
  166  25:31  Missile Turret  
  152  25:35  Ghost  
  152  25:36  Marine x3, Ghost  
  152  25:37  Marauder  
  152  25:39  Marine, Marauder  
  152  25:42  Marine  
  131  25:46  Marine x2  
  131  25:49  Marine  
  113  25:50  Orbital Command  
  113  25:54  Medivac  
  219  25:57  Orbital Command  
  113  25:58  Orbital Command, Marauder  
  113  26:01  Marauder  
  117  26:05  Marauder x2  
  117  26:06  Siege Tank  
  124  26:19  Marine x4, Marauder  
  124  26:20  Marine  
  124  26:22  Marauder  
  133  26:26  Marauder x2  
  133  26:29  Marine  
  133  26:30  Marine  
  133  26:32  Refinery x2  
  139  26:33  Marine  
  139  26:37  Marine x2, Siege Tank  
  145  26:41  Marauder  
  145  26:44  Marauder  
  145  26:45  Marine x2  
  151  26:48  Marauder x2  
  155  26:55  Medivac x2  
  155  26:56  Liberator x2, Medivac  
  155  26:59  Missile Turret  
  159  27:02  Marauder  
  159  27:05  Marauder  
  156  27:09  Marauder  
  156  27:15  Marauder  
  163  27:18  Liberator x2, Missile Turret  
  163  27:20  Marine  
  163  27:21  Marine  
  165  27:27  Medivac  
  158  27:56  Ghost x3  
  132  28:01  Marine x2, Marauder  
  132  28:03  Marine x2  
  132  28:04  Marine  
  132  28:05  Marine  
  140  28:09  Marine x2  
  140  28:14  Orbital Command  
  140  28:19  Marine x2  
  140  28:21  Marine x2  
  140  28:22  Marine x2  
  140  28:23  Marauder  
  140  28:24  Liberator  
  140  28:25  Marauder x3  
  140  28:27  Marine x2  
  141  28:37  Marine x2  
  141  28:39  Marine x2  
  141  28:40  Refinery  
  143  28:44  Marauder  
  143  28:47  Marauder x3  
  153  28:53  Marine x2  
  146  29:03  Sensor Tower  
  146  29:06  Marauder  
  146  29:07  Marine  
  146  29:08  Marauder x3  
  146  29:09  Siege Tank  
  158  29:27  Marauder  
  158  29:28  Ghost  
  114  29:45  Marine  
  114  29:46  Marine x2, Marauder  
  114  29:47  Marauder  
  114  29:48  Marauder  
  93  29:54  Marine  
  94  30:09  Marine x3, Marauder  
  94  30:10  Marine, Marauder  
  94  30:12  Marauder  
  92  30:17  Marauder  
  83  30:22  Marine  
  79  30:31  Marine, Marauder x2  
  79  30:33  Marauder  
  75  30:38  Siege Tank  
  80  30:46  Marine x3  
  80  30:47  Marine  
  86  30:52  Refinery, Marine  
  86  30:53  Marine  
Show
View Real Time Build Order
Export as new Build Order

soO Zerg - Winner!

Build Orders: Hatch First, Ravager All-In 

Get SALT Encoding   

  12  0:00  Drone  
  13  0:12  Overlord  
  13  0:17  Drone  
  14  0:30  Drone x2  
  14  0:34  Drone  
  17  0:52  Hatchery  
  17  0:55  Drone  
  17  0:58  Drone  
  18  1:08  Extractor  
  17  1:13  Spawning Pool  
  17  1:15  Drone  
  17  1:19  Drone  
  18  1:28  Drone  
  19  1:38  Overlord  
  19  1:50  Drone  
  20  1:59  Queen  
  20  2:00  Zergling x2  
  23  2:03  Queen  
  23  2:04  Zergling x2  
  26  2:10  Roach Warren  
  25  2:16  Extractor  
  25  2:18  Zergling x2  
  25  2:25  Overlord  
  25  2:27  Zergling x2  
  25  2:51  Roach x2  
  25  2:52  Roach x2  
  25  2:54  Roach  
  33  3:02  Roach  
  35  3:12  Ravager x2  
  37  3:15  Overlord  
  37  3:26  Lair  
  37  3:38  Drone x2  
  39  3:47  Drone  
  40  3:49  Drone  
  41  4:00  Drone  
  42  4:13  Hatchery  
  41  4:22  Drone  
  42  4:29  Ravager x4  
  46  4:33  Overlord  
  46  4:38  Overlord  
  43  4:55  Drone x3  
  46  5:02  Drone  
  46  5:03  Drone x2  
  46  5:06  Drone  
  50  5:10  Glial Reconstitution  
  50  5:16  Overseer, Overlord  
  50  5:26  Drone x2  
  52  5:32  Drone  
  53  5:35  Drone  
  53  5:36  Drone  
  53  5:39  Drone x2  
  57  5:48  Drone x2  
  58  5:52  Queen  
  60  5:59  Drone x2  
  60  6:03  Drone x2  
  64  6:06  Drone  
  64  6:09  Drone  
  65  6:11  Drone  
  65  6:15  Drone  
  67  6:18  Overlord  
  67  6:24  Hatchery  
  66  6:27  Evolution Chamber x2  
  66  6:29  Drone  
  66  6:30  Drone  
  66  6:31  Queen  
  68  6:39  Drone x2  
  70  6:43  Drone x4  
  70  6:44  Drone x2  
  76  6:53  Zerg Missile Weapons Level 1, Zerg Ground Armor Level 1  
  76  6:54  Drone x2  
  78  7:02  Drone x2  
  78  7:03  Drone  
  78  7:06  Overseer  
  78  7:08  Spore Crawler  
  74  7:20  Drone x2  
  74  7:21  Drone x3  
  74  7:22  Drone  
  77  7:29  Drone x4  
  81  7:33  Extractor  
  81  7:34  Extractor  
  81  7:36  Drone  
  80  7:38  Drone x3  
  80  7:42  Drone  
  80  7:43  Drone  
  85  7:48  Drone x3  
  87  7:57  Metabolic Boost, Overlord  
  87  7:58  Drone x3  
  90  8:06  Extractor  
  89  8:14  Queen, Hatchery  
  89  8:15  Overlord x2  
  89  8:17  Roach  
  89  8:18  Roach x3  
  98  8:29  Overlord  
  98  8:31  Baneling Nest, Overlord  
  97  8:34  Roach x4  
  97  8:35  Roach  
  97  8:39  Ravager  
  97  8:40  Drone x2  
  97  8:41  Drone x2  
  112  8:48  Drone x2  
  112  8:51  Zerg Ground Armor Level 2, Zerg Melee Weapons Level 1  
  114  9:00  Hatchery  
  114  9:01  Zergling x10  
  118  9:12  Drone  
  118  9:13  Zergling x14  
  126  9:21  Centrifical Hooks  
  126  9:28  Drone  
  126  9:29  Drone  
  128  9:34  Overlord  
  128  9:43  Zergling x20  
  128  9:45  Overlord  
  136  9:49  Infestation Pit, Overlord  
  136  9:51  Overlord  
  136  9:52  Queen, Drone  
  138  9:54  Baneling x5  
  138  9:57  Zergling x6  
  138  9:58  Drone  
  142  10:03  Overlord x4  
  142  10:04  Zergling x2  
  142  10:05  Zergling x4  
  145  10:11  Overseer  
  145  10:12  Baneling x6  
  145  10:13  Zergling x10  
  150  10:20  Zergling x2  
  150  10:21  Zergling x8  
  155  10:23  Hatchery  
  154  10:29  Zergling x6  
  154  10:32  Baneling x4  
  154  10:33  Baneling x2  
  154  10:35  Zergling x16  
  163  10:43  Zergling x10  
  163  10:45  Baneling x7  
  168  10:53  Baneling x7  
  168  10:54  Zergling x14  
  175  10:59  Zergling x4  
  173  11:06  Hive  
  173  11:07  Zergling x18  
  182  11:12  Queen  
  182  11:14  Zergling x10  
  185  11:19  Zergling x10  
  185  11:21  Baneling  
  185  11:22  Baneling x6  
  185  11:24  Zerg Melee Weapons Level 2  
  186  11:37  Zergling x2  
  186  11:38  Zergling x26  
  170  11:40  Overseer  
  170  11:42  Drone x2  
  170  11:43  Drone x3  
  165  11:48  Spore Crawler  
  165  11:49  Spore Crawler  
  156  11:55  Zergling x18  
  141  12:05  Zergling x16  
  123  12:18  Drone x2  
  123  12:19  Drone x4  
  123  12:22  Adrenal Glands, Zerg Ground Armor Level 3, Viper x2  
  129  12:23  Viper  
  129  12:25  Baneling x6  
  129  12:29  Drone  
  141  12:30  Drone x3, Extractor  
  141  12:31  Drone x2, Extractor  
  141  12:33  Drone  
  141  12:34  Baneling x3  
  141  12:35  Drone  
  144  12:37  Baneling x2  
  144  12:39  Zergling x8  
  143  12:46  Zergling x2  
  143  12:47  Zergling x14  
  128  12:56  Zergling x12  
  128  12:57  Zergling x4  
  131  13:05  Drone x3  
  134  13:09  Zergling x14  
  141  13:13  Zergling x2  
  141  13:14  Zergling x6  
  141  13:15  Drone x2, Spire  
  146  13:24  Baneling, Hatchery  
  146  13:25  Baneling x3  
  145  13:28  Drone  
  145  13:29  Drone  
  147  13:36  Drone x3  
  147  13:37  Zergling x26  
  147  13:38  Ultralisk Cavern  
  162  13:43  Baneling x2  
  157  14:02  Drone  
  157  14:03  Drone x2  
  157  14:04  Drone  
  157  14:05  Spine Crawler  
  157  14:06  Spine Crawler  
  157  14:08  Zerg Melee Weapons Level 3  
  158  14:10  Drone x3  
  161  14:20  Zergling x32  
  177  14:24  Chitinous Plating  
  177  14:40  Overseer, Greater Spire  
  177  14:41  Corruptor x2  
  177  14:42  Spine Crawler, Corruptor x4  
  188  14:46  Spine Crawler  
  188  14:47  Drone x3  
  188  14:48  Spore Crawler  
  188  14:50  Overseer  
  189  14:57  Drone  
  189  14:58  Drone x3  
  189  14:59  Spore Crawler  
  192  15:04  Drone  
  192  15:05  Extractor  
  192  15:06  Extractor  
  189  15:16  Drone x3  
  192  15:33  Extractor  
  192  15:35  Extractor, Spine Crawler  
  190  15:42  Extractor  
  187  15:43  Anabolic Synthesis  
  187  15:48  Baneling x2  
  186  16:22  Zerg Flyer Weapons Level 1  
  186  16:23  Hatchery  
  186  16:24  Pneumatized Carapace  
  184  16:28  Brood Lord x6  
  184  16:32  Drone x2  
  198  16:33  Hatchery  
  198  16:39  Corruptor  
  199  16:44  Hatchery  
  198  16:49  Baneling x5  
  198  16:50  Burrow  
  198  16:51  Overseer  
  198  16:54  Corruptor  
  199  17:36  Hatchery  
  199  17:46  Spore Crawler  
  197  17:59  Corruptor  
  199  18:11  Spore Crawler  
  198  18:15  Extractor  
  198  18:17  Corruptor x2  
  198  18:18  Extractor  
  198  18:22  Spire  
  198  18:23  Spire  
  196  18:29  Drone x2  
  196  18:30  Drone  
  196  18:32  Spore Crawler  
  196  18:37  Drone x2  
  198  18:46  Baneling  
  198  18:47  Baneling x2  
  198  18:49  Drone  
  199  18:58  Drone x2  
  199  19:09  Spore Crawler  
  197  19:10  Spore Crawler  
  197  19:14  Spore Crawler  
  180  19:31  Drone x3  
  183  19:36  Zerg Flyer Weapons Level 2, Greater Spire  
  183  19:37  Drone x2  
  185  19:42  Drone x2  
  185  19:43  Drone  
  185  19:44  Spore Crawler  
  187  19:45  Spine Crawler  
  187  19:47  Spore Crawler  
  185  19:54  Corruptor x4  
  185  19:55  Corruptor  
  185  19:59  Drone  
  189  20:01  Extractor  
  189  20:02  Extractor  
  189  20:03  Drone  
  189  20:06  Spore Crawler  
  187  20:07  Spore Crawler  
  187  20:08  Spine Crawler  
  178  20:23  Drone x3, Viper x2  
  171  20:31  Drone  
  171  20:32  Drone  
  168  20:36  Drone x3  
  168  20:55  Brood Lord x10  
  188  21:03  Corruptor x5  
  190  21:07  Drone  
  190  21:10  Zerg Flyer Armor Level 1  
  199  21:13  Baneling  
  199  21:14  Baneling x8  
  199  21:15  Baneling  
  197  21:33  Drone x3  
  200  21:44  Overseer x2  
  200  21:49  Spore Crawler  
  200  21:53  Corruptor  
  189  22:10  Corruptor x5  
  191  22:29  Extractor  
  181  22:31  Drone x2  
  181  22:33  Drone  
  181  22:34  Drone x5  
  183  22:46  Hatchery  
  183  22:47  Drone x2  
  183  22:48  Drone  
  183  22:49  Corruptor x4  
  158  23:16  Infestor  
  158  23:17  Infestor x2  
  156  23:33  Viper x3  
  146  23:35  Corruptor x19  
  146  23:40  Overlord  
  172  23:49  Drone x2  
  144  24:12  Ultralisk x4  
  144  24:13  Zergling x54  
  192  24:18  Overlord  
  192  24:22  Infestor x3, Spine Crawler x2  
  192  24:24  Spine Crawler  
  189  24:26  Overlord  
  189  24:27  Overlord x2  
  189  24:37  Baneling x6  
  189  24:38  Baneling  
  189  24:43  Overlord x2  
  189  24:44  Overseer  
  189  24:46  Zerg Flyer Armor Level 2  
  189  24:47  Zerg Flyer Weapons Level 3, Overlord  
  189  24:49  Drone x2  
  191  24:56  Baneling x4  
  191  24:57  Baneling  
  189  25:13  Zergling x18  
  189  25:14  Zergling x2  
  199  25:25  Baneling  
  199  25:26  Infestor x2, Baneling x3  
  175  25:42  Hatchery  
  129  25:53  Ultralisk x3  
  129  25:54  Ultralisk, Zergling x48  
  174  25:57  Viper  
  174  25:58  Viper  
  174  26:01  Baneling x3  
  174  26:02  Baneling x4  
  180  26:05  Drone  
  181  26:17  Baneling x3  
  181  26:18  Ultralisk x3  
  199  26:25  Overseer  
  199  26:27  Spore Crawler  
  199  26:28  Spine Crawler  
  199  26:32  Baneling x5  
  197  26:33  Baneling x2  
  197  26:34  Drone x2  
  199  27:00  Infestor x2  
  197  27:03  Drone x3  
  196  27:17  Drone x3  
  196  27:21  Zerg Flyer Armor Level 3  
  198  27:35  Spore Crawler, Spine Crawler x2  
  195  27:37  Baneling x4, Spine Crawler  
  124  27:59  Infestor x2  
  124  28:03  Zergling x52  
  124  28:05  Ultralisk x3  
  171  28:06  Zergling x26  
  169  28:27  Drone x3  
  165  28:36  Drone x3  
  167  28:52  Baneling x5  
  167  28:53  Baneling  
  167  28:58  Hatchery  
  166  29:03  Drone x3, Overseer  
  169  29:13  Baneling x6  
  169  29:14  Baneling x2  
  169  29:15  Drone x3  
  171  29:33  Zergling x50  
  143  30:00  Ultralisk x3, Zergling x30  
  161  30:14  Infestor x2  
  150  30:21  Ultralisk  
  150  30:22  Zergling x38  
  150  30:24  Overlord  
  164  30:34  Hatchery  
  161  30:38  Overseer  
  161  30:42  Drone x5, Zergling x4  
  167  30:43  Zergling x12  
  167  30:47  Brood Lord  
  167  30:48  Brood Lord x3  
  167  30:49  Overlord x3  
  182  30:52  Baneling x3  
  182  30:53  Baneling x2  

Tags
 
Add a new tag
Caveats
  • Supply blocks, unpowered buildings, or Contaminate may cause inaccurate times.
  • Supply counts are checked every 10 seconds.